 Dungeon Crawl Stone Soup version 0.22-a0-480-g991dd4b (webtiles) character file.

3280468 Mgcat the Shatterer (level 25, 181/181 HPs)
             Began as a Gargoyle Gladiator on June 15, 2018.
             Was the Champion of Ru.
             Escaped with the Orb
             ... and 5 runes on June 16, 2018!
             The game lasted 03:57:41 (68734 turns).

Mgcat the Shatterer (Gargoyle Gladiator)           Turns: 68734, Time: 03:57:42

Health: 181/181    AC: 60    Str: 27    XL:     25
Magic:  20/20      EV: 21    Int: 11    God:    Ru [******]
Gold:   6849       SH: 17    Dex: 14    Spells: 24/24 levels left

rFire    + + .     SeeInvis .   a - +9 morningstar (flame)
rCold    + + .     Gourm    .   M - +1 shield {reflect}
rNeg     + . .     Faith    .   k - +9 scales of the Dragon King {rPois rF+ rC+ MR+}
rPois    ∞         Spirit   .   N - +1 hat {MR+}
rElec    +         Reflect  +   H - scarf {repulsion}
rCorr    .         Harm     .   S - +1 pair of gloves {archery}
MR       ++++.                  O - +2 pair of boots {run}
Stlth    ..........             F - amulet of regeneration {+regen, !d}
HPRegen  0.80/turn              J - ring of protection from magic {MR+, !d}
MPRegen  0.17/turn              n - +6 ring of evasion

@: flying, repel missiles, quick
A: antennae 1, big wings, talons 1, cold resistance 1, fire resistance 1, low mp
1, negative energy resistance 1, sense surroundings 1, screaming 1, electricity
resistance, strong 1, unbreathing, petrification resistance, rot immunity,
inability to use devices, hated by all, no charms magic, no fire magic, no hexes
magic, inexperienced 1, AC +19
0: Orb of Zot
}: 5/15 runes: decaying, serpentine, slimy, silver, abyssal
a: Stop Flying, Draw Out Power, Power Leap, Apocalypse, Renounce Religion


You escaped.
You worshipped Ru.
Ru was exalted by your worship.
You were not hungry.

You visited 11 branches of the dungeon, and saw 55 of its levels.
You visited the Abyss 3 times.
You also visited: Labyrinth, Ice Cave and Volcano.

You collected 9234 gold pieces.
You spent 2385 gold pieces at shops.

Inventory:

Hand Weapons
 a - a +9 morningstar of flaming (weapon)
   (You took it off an orc on level 3 of the Dungeon)
 b - a +8 arbalest of flaming
   (You took it off Vashnia on level 4 of the Snake Pit)
Missiles
 d - 6 throwing nets {=f, !d}
 y - 1834 bolts
 P - 8 tomahawks of dispersal {=f}
Armour
 k - the +9 scales of the Dragon King (worn) {rPois rF+ rC+ MR+}
   (You found it on level 7 of the Dungeon)

   It protects you from fire.
   It protects you from cold.
   It protects you from poison.
   It affects your resistance to hostile enchantments.
 p - a +1 cloak of invisibility
   (You took it off a draconian scorcher on level 5 of the Realm of Zot)
 H - a scarf of repulsion (worn)
   (You found it on level 5 of the Vaults)
 M - a +1 shield of reflection (worn)
   (You took it off Donald on level 2 of the Swamp)
 N - a +1 hat of magic resistance (worn)
   (You found it on level 5 of the Depths)
 O - a +2 pair of boots of running (worn)
   (You found it on level 5 of the Pits of Slime)
 S - a +1 pair of gloves of archery (worn)
   (You found it on level 5 of the Depths)
Jewellery
 c - the ring "Ojyifrof" {-Tele rC+ Dex-3 Slay+2 SInv}
   (You found it on level 15 of the Dungeon)

   [ring of dexterity]

   It affects your dexterity (-3).
   It affects your accuracy and damage with ranged weapons and melee attacks
   (+2).
   It protects you from cold.
   It lets you see invisible.
   It prevents most forms of teleportation.
 n - a +6 ring of evasion (right hand)
   (You bought it in a shop on level 2 of the Orcish Mines)
 F - an amulet of regeneration (around neck) {+regen, !d}
   (You found it on level 4 of the Depths)
 J - a ring of protection from magic (left hand) {MR+, !d}
   (You found it on level 4 of the Vaults)
 Q - an uncursed ring of resist corrosion
   (You found it on level 1 of the Depths)
Scrolls
 e - 10 scrolls of magic mapping {!r}
 i - 4 scrolls of blinking {!r}
 m - 37 scrolls of remove curse
 o - 6 scrolls of fear
 r - 34 scrolls of identify
 v - 2 scrolls of holy word {!r}
 w - 21 scrolls of teleportation
 D - 5 scrolls of fog
 L - 2 scrolls of silence
Potions
 g - a potion of mutation {!q}
 j - 16 potions of curing
 l - 3 potions of ambrosia
 q - a potion of heal wounds
 s - 2 potions of flight
 t - 12 potions of brilliance
 u - 3 potions of berserk rage {!q}
 z - 4 potions of magic
 E - 2 potions of cancellation
 I - 5 potions of lignification {!q}
Comestibles
 f - 79 rations


   Skills:
 + Level 25.0 Fighting
 + Level 25.7 Maces & Flails
 - Level 18.0 Crossbows
 - Level 3.5 Throwing
 + Level 22.4 Armour
 + Level 17.3 Dodging
 + Level 19.6 Shields


You had 24 spell levels left.
You didn't know any spells.
Your spell library contained the following spells:

 Spells                   Type           Power        Failure   Level  Hunger
 Cause Fear               Hex            #.........   100%        4    #####..
 Magic Dart               Conj           #...         98%         1    ##.....
 Fireball                 Conj/Fire      #.........   100%        5    ######.
 Apportation              Tloc           #.....       98%         1    ##.....
 Conjure Flame            Conj/Fire      #.......     100%        3    ####...
 Bolt of Fire             Conj/Fire      #.........   100%        6    #######
 Lightning Bolt           Conj/Air       #.........   100%        5    ######.
 Bolt of Magma            Conj/Fire/Erth #.........   100%        5    ######.
 Slow                     Hex            #.......     99%         2    ###....
 Confuse                  Hex            #.......     100%        3    ####...
 Throw Flame              Conj/Fire      #.....       99%         2    ###....
 Throw Frost              Conj/Ice       #.....       99%         2    ###....
 Controlled Blink         Tloc           N/A          100%        8    #######
 Freezing Cloud           Conj/Ice/Air   #.........   100%        6    #######
 Mephitic Cloud           Conj/Pois/Air  #.......     100%        3    ####...
 Ring of Flames           Chrm/Fire      #.........   100%        7    #######
 Venom Bolt               Conj/Pois      #.........   100%        5    ######.
 Olgreb's Toxic Radiance  Pois           #.......     100%        4    #####..
 Death's Door             Chrm/Necr      #.........   100%        8    #######
 Summon Small Mammal      Summ           #...         98%         1    ##.....
 Bolt of Draining         Conj/Necr      #.........   100%        5    ######.
 Lehudib's Crystal Spear  Conj/Erth      #.........   100%        8    #######
 Fire Storm               Conj/Fire      #.........   100%        9    #######
 Blink                    Tloc           N/A          99%         2    ###....
 Iskenderun's Mystic Bla  Conj           #.......     100%        4    #####..
 Summon Horrible Things   Summ           #.........   100%        8    #######
 Animate Dead             Necr           N/A          100%        4    #####..
 Pain                     Necr           #...         98%         1    ##.....
 Animate Skeleton         Necr           N/A          98%         1    ##.....
 Vampiric Draining        Necr           #.........   100%        3    ####...
 Haunt                    Necr/Summ      #.........   100%        7    #######
 Borgnjor's Revivificati  Necr           #.........   100%        8    #######
 Freeze                   Ice            #...         98%         1    ##.....
 Sticky Flame             Conj/Fire      #.......     100%        4    #####..
 Summon Ice Beast         Ice/Summ       #.......     100%        4    #####..
 Ozocubu's Armour         Chrm/Ice       #.......     100%        3    ####...
 Call Imp                 Summ           #.......     99%         2    ###....
 Dispel Undead            Necr           #.......     100%        5    ######.
 Poison Arrow             Conj/Pois      #.........   100%        6    #######
 Regeneration             Chrm/Necr      #.........   100%        3    ####...
 Sting                    Conj/Pois      #...         98%         1    ##.....
 Sublimation of Blood     Necr           #.........   99%         2    ###....
 Tukima's Dance           Hex            #.......     100%        3    ####...
 Summon Greater Demon     Summ           #.........   100%        7    #######
 Corpse Rot               Necr           N/A          99%         2    ###....
 Iron Shot                Conj/Erth      #.........   100%        6    #######
 Stone Arrow              Conj/Erth      #.....       100%        3    ####...
 Shock                    Conj/Air       #...         98%         1    ##.....
 Swiftness                Chrm/Air       #.......     99%         2    ###....
 Agony                    Necr           #.......     100%        5    ######.
 Spider Form              Tmut/Pois      #.........   100%        3    ####...
 Blade Hands              Tmut           #.........   100%        5    ######.
 Ice Form                 Ice/Tmut       #.......     100%        4    #####..
 Necromutation            Tmut/Necr      #.........   100%        8    #######
 Deflect Missiles         Chrm/Air       #.........   100%        6    #######
 Throw Icicle             Conj/Ice       #.......     100%        4    #####..
 Glaciate                 Conj/Ice       #.........   100%        9    #######
 Airstrike                Air            #.........   100%        4    #####..
 Shadow Creatures         Summ           N/A          100%        6    #######
 Confusing Touch          Hex            #.....       98%         1    ##.....
 Flame Tongue             Conj/Fire      #....        98%         1    ##.....
 Passwall                 Tmut/Erth      #.......     99%         2    ###....
 Ignite Poison            Fire/Tmut/Pois #.......     100%        3    ####...
 Sticks to Snakes         Tmut           #.......     99%         2    ###....
 Call Canine Familiar     Summ           #.......     100%        3    ####...
 Ensorcelled Hibernation  Hex/Ice        #.....       99%         2    ###....
 Metabolic Englaciation   Hex/Ice        #.........   100%        5    ######.
 Silence                  Hex/Air        #.........   100%        5    ######.
 Dispersal                Tloc           #.........   100%        6    #######
 Static Discharge         Conj/Air       #.......     100%        3    ####...
 Corona                   Hex            #......      98%         1    ##.....
 Alistair's Intoxication  Tmut/Pois      #.......     100%        5    ######.
 Lee's Rapid Deconstruct  Erth           #.........   100%        5    ######.
 Sandblast                Erth           #.....       98%         1    ##.....
 Simulacrum               Ice/Necr       #.........   100%        6    #######
 Conjure Ball Lightning   Conj/Air       #.........   100%        6    #######
 Chain Lightning          Conj/Air       #.........   100%        8    #######
 Excruciating Wounds      Chrm/Necr      #.........   100%        5    ######.
 Portal Projectile        Hex/Tloc       #.....       100%        3    ####...
 Monstrous Menagerie      Summ           #.........   100%        7    #######
 Petrify                  Tmut/Erth      #.......     100%        4    #####..
 Orb of Destruction       Conj           #.........   100%        7    #######
 Malign Gateway           Summ/Tloc      #.........   100%        7    #######
 Tornado                  Air            #.........   100%        9    #######
 Leda's Liquefaction      Hex/Erth       #.........   100%        4    #####..
 Darkness                 Hex            #.........   100%        6    #######
 Shroud of Golubria       Chrm/Tloc      #.........   99%         2    ###....
 Inner Flame              Hex/Fire       #.......     100%        3    ####...
 Beastly Appendage        Tmut           #.....       98%         1    ##.....
 Disjunction              Tloc           #.........   100%        8    #######
 Iskenderun's Battlesphe  Conj/Chrm      #.......     100%        5    ######.
 Fulminant Prism          Conj/Hex       #.........   100%        4    #####..
 Dazzling Spray           Conj/Hex       #.....       100%        3    ####...
 Force Lance              Conj/Tloc      #.......     100%        4    #####..
 Infusion                 Chrm           #...         98%         1    ##.....
 Song of Slaying          Chrm           #.......     99%         2    ###....
 Spectral Weapon          Hex/Chrm       #.......     100%        3    ####...
 Searing Ray              Conj           #.....       99%         2    ###....
 Summon Lightning Spire   Summ/Air       #.......     100%        4    #####..
 Spellforged Servitor     Conj/Summ      #.........   100%        7    #######
 Hydra Form               Tmut           #.........   100%        6    #######
 Irradiate                Conj/Tmut      #.........   100%        5    ######.
 Gell's Gravitas          Tloc           #.........   100%        3    ####...
 Yara's Violent Unravell  Hex/Tmut       #.........   100%        5    ######.
 Infestation              Necr           #.........   100%        8    #######
 Poisonous Vapours        Pois/Air       #.....       99%         2    ###....
 Ignition                 Fire           #.........   100%        8    #######
 Borgnjor's Vile Clutch   Necr/Erth      #.........   100%        5    ######.


Dungeon Overview and Level Annotations

Branches:
Dungeon (15/15)            Temple (1/1) D:7            Lair (6/6) D:9
  Swamp (4/4) Lair:3        Snake (4/4) Lair:3        Slime (5/5) Lair:5
    Orc (2/2) D:11            Elf (3/3) Orc:2        Vaults (5/5) D:13
  Crypt (0/3) Vaults:3     Depths (5/5) D:15            Zot (5/5) Depths:5

Altars:
Ashenzari
Cheibriados
Dithmenos
Elyvilon
Fedhas
Gozag
Hepliaklqana
Kikubaaqudgha
Makhleb
Nemelex Xobeh
Okawaru
Qazlal
Ru
Sif Muna
Trog
Uskayaw
Vehumet
Wu Jian
Xom
Yredelemnul
Zin
The Shining One
Beogh
Jiyva
Lugonu

Shops:
D:9 ?   D:13 ?   Orc:2 %=*%   Elf:3 *   Snake:4 %   Vaults:3 [   Vaults:4 }
Depths:3 *(   Depths:4 =

Portals:
Hell: Depths:1 Depths:2 Depths:3 Depths:4 Depths:5
Abyss: Depths:1 Depths:3 Depths:4
Pandemonium: Depths:1 Depths:3 Depths:4 Depths:5
Ziggurat: Depths:5
Trove: Depths:5 (show slimy rune of Zot)

Annotations:
D:5 Menkaure; galech's ghost, novice OgBe
Depths:3 2 transporters
Depths:5 6 runed doors


Innate Abilities, Weirdness & Mutations

You are resistant to torment.
Your stone body is resilient. (AC +19)
You are immune to poison.
Your large and strong wings let you fly indefinitely.
Your magical capacity is low. (-10% MP)
You resist negative energy. (rN+)
You are resistant to electric shocks. (rElec)
You can survive without breathing.
You are immune to petrification.
You are immune to rotting.
You cannot study or use magical devices.
You are hated by all.
You cannot study or cast Charms magic.
You cannot study or cast Fire magic.
You cannot study or cast Hexes magic.
You are somewhat inexperienced. (-2 XL)
You have a pair of small antennae on your head.
You have sharp toenails.
Your flesh is cold resistant. (rC+)
Your flesh is heat resistant. (rF+)
You passively map a small area around you.
You occasionally shout uncontrollably at your foes.
Your muscles are strong. (Str +2)


Message History

You impale the Hell Sentinel!!
The Hell Sentinel is severely wounded.
The Hell Sentinel is stunned by your will and fails to attack.
You crush the Hell Sentinel like a grape!!!
The Hell Sentinel is almost dead.
You are struck by the Hell Sentinel's spines.
You puncture the Hell Sentinel!
You kill the Hell Sentinel!
(D) Dungeon (T) Temple (L) Lair (S) Swamp (P) Snake Pit (M) Slime Pits (O) Orcish Mines (E) Elven Halls (V) Vaults (C) Crypt (U) Depths (H) Hell (Z) Zot
Where to? (Enter - D:1 @ (x,y), ? - help)
What level of the Dungeon? (default 1, ? - help)
There is a stone staircase leading up here.
HP restored.
You fly upwards.
There is a stone staircase leading down here.
A crimson imp comes into view.
There is a stone staircase leading up here.
You fly upwards.
There is a stone staircase leading down here.
(D) Dungeon (T) Temple (L) Lair (S) Swamp (P) Snake Pit (M) Slime Pits (O) Orcish Mines (E) Elven Halls (V) Vaults (C) Crypt (U) Depths (H) Hell (Z) Zot
Where to? (Enter - D:1 @ (x,y), ? - help)
What level of the Dungeon? (default 1, ? - help)
There is a stone staircase leading up here.
You fly upwards.
There is a stone staircase leading down here.
There is a stone staircase leading up here.
You fly upwards.
There is a stone staircase leading down here.
There is a stone staircase leading up here.
You fly upwards.
Level annotation: Menkaure; galech's ghost, novice OgBe
There is a stone staircase leading down here.
You shout at the monstrous demonspawn! 2 monstrous demonspawn come into view.
You shout at the monstrous demonspawn!
The monstrous demonspawn moves out of view.
A demonic crawler comes into view.
The demonic crawler completely misses you.
You block the demonic crawler's attack. The demonic crawler misses you.
A Brimstone Fiend comes into view.
There is a stone staircase leading up here.
The demonic crawler hits you. The demonic crawler misses you. x2
You fly upwards.
There is a stone staircase leading down here.
You puncture the demonic crawler! You burn the demonic crawler.
The demonic crawler is moderately wounded.
You block the demonic crawler's attack. The demonic crawler barely misses you.
The demonic crawler hits you but does no damage.
Your scales of the Dragon King prevents you from hitting the demonic crawler.
The demonic crawler is moderately wounded.
You block the demonic crawler's attack. The demonic crawler misses you.
The demonic crawler hits you but does no damage.
You completely miss the demonic crawler.
The demonic crawler is moderately wounded.
You redirect the demonic crawler's attack!
The demonic crawler hits itself.
The demonic crawler barely misses itself.
The demonic crawler hits itself!
You catch the helpless demonic crawler completely off-guard!
You impale the demonic crawler!! You burn the demonic crawler.
The demonic crawler is almost dead.
The demonic crawler completely misses you.
The demonic crawler misses you. The demonic crawler closely misses you.
You bludgeon the demonic crawler!! You burn the demonic crawler.
You kill the demonic crawler!
(D) Dungeon (T) Temple (L) Lair (S) Swamp (P) Snake Pit (M) Slime Pits (O) Orcish Mines (E) Elven Halls (V) Vaults (C) Crypt (U) Depths (H) Hell (Z) Zot
Where to? (Enter - D:1 @ (x,y), ? - help)
What level of the Dungeon? (default 1, ? - help) HP restored.
A red devil comes into view. It is wielding a trident.
There is a stone staircase leading up here.
You fly upwards.
There is a stone staircase leading down here.
(D) Dungeon (T) Temple (L) Lair (S) Swamp (P) Snake Pit (M) Slime Pits (O) Orcish Mines (E) Elven Halls (V) Vaults (C) Crypt (U) Depths (H) Hell (Z) Zot
Where to? (Enter - D:1 @ (x,y), ? - help)
What level of the Dungeon? (default 1, ? - help)
There is a stone staircase leading up here.
You fly upwards.
There is a stone staircase leading down here.
Things that are here:
a short sword; a club
There is an open door, spattered with blood here.
There is a stone staircase leading up here.
You fly upwards.
There is a stone staircase leading down here.
There is an open door here.
There is a staircase leading out of the dungeon here.
You have escaped!

#..........#.#÷##.........
############.#)##..#######
#.....##..### ######.###.......#
#...........#..#.#
#.####.........#.#
#...........)....#
###################
######.....@.....######
#####.....................#####
##...........###'###...........##
......##'###'##...##'###'##......
...#'##...#...#.>.#...#...##'#...
.###..#...#...#...#...#...#..###.
'##...#...##.###'###.##...#...##'
..#...#...####.PP.P####...#...#..
..#...#...##PP...P...##...#...#..


There were no monsters in sight!

Vanquished Creatures
  the Royal Jelly (Slime:5)
  13 ancient liches
  5 orbs of fire (Zot:5)
  4 juggernauts
  Vashnia (Snake:4)
  A caustic shrike (Depths:4)
  6 golden dragons
  3 Killer Klowns (Zot:5)
  3 curse toes
  Nikola (Swamp:2)
  4 bone dragons
  4 electric golems
  7 liches
  20 tentacled monstrosities
  26 Orb Guardians
  A Hell Sentinel (D:10)
  8 quicksilver dragons
  3 deep elf master archers (Elf:3)
  2 deep elf blademasters (Elf:3)
  19 acid blobs
  5 titans (Vaults:5)
  8 death cobs
  10 tentacled starspawn
  Donald (Swamp:2)
  15 storm dragons
  The ghost of HyperPerson7 the Eclecticist, an adept DEFE of Vehumet (Snake:2)
  6 sphinxes
  An ancient champion (Depths:1)
  13 shadow dragons
  4 tengu reavers
  7 azure jellies
  8 fire giants
  6 draconian monks
  A fire giant (shapeshifter) (Vaults:5)
  6 deep elf sorcerers
  10 draconian knights
  4 nagarajas (Snake:4)
  2 iron dragons
  16 vault wardens
  The ghost of Mgcat the Marksgargoyle, an adept GrHu of Okawaru (Snake:2)
  16 frost giants
  An orc warlord (Vaults:5)
  3 ghost moths
  8 draconian scorchers
  9 ironheart preservers
  Louise (Depths:1)
  2 balrugs
  2 ghouls (Vaults:5)
  7 deep elf elementalists
  7 draconian shifters
  A spriggan defender (Depths:2)
  25 very ugly things
  10 draconian annihilators
  3 war gargoyles (Vaults:5)
  31 stone giants
  A stone giant (shapeshifter) (Vaults:5)
  An entropy weaver (Vaults:5)
  16 green draconians
  The ghost of Scuka the Grappler, a journeyman DrTm of Makhleb (Lair:5)
  28 starcursed masses (Abyss:3)
  9 deep elf demonologists
  2 vampire knights
  16 yellow draconians
  13 black draconians
  12 deep elf annihilators
  A minotaur (Lab)
  12 purple draconians
  13 red draconians
  17 white draconians
  2 merfolk javelineers
  6 spark wasps (Depths:2)
  5 deep elf death magi
  An eidolon (Abyss:3)
  2 blizzard demons (IceCv)
  3 jiangshi (Depths:2)
  A crystal guardian (Vaults:5)
  16 ettins
  13 death oozes (Slime:5)
  9 fire dragons
  14 yaktaur captains
  20 great orbs of eyes
  A quicksilver dragon skeleton (Abyss:3)
  9 deep elf high priests
  Erica (D:8)
  A ghost crab (Swamp:4)
  The ghost of ThisFiasco the Basher, a journeyman DDFi of Makhleb (D:11)
  36 vault guards
  31 hydras
  21 ice dragons
  A catoblepas (D:15)
  16 naga warriors
  7 rakshasas
  A hell beast (Depths:1)
  A catoblepas (shapeshifter) (Depths:4)
  50 two-headed ogres
  7 spriggan air magi
  6 death knights
  5 centaur warriors
  A satyr (shapeshifter) (Depths:4)
  10 anacondas
  16 ogre magi
  28 dancing weapons
  3 death yaks (D:9)
  6 deep troll shamans
  10 tengu warriors
  16 alligators
  15 thrashing horrors
  13 spriggan berserkers
  2 queen ants (shapeshifter) (Vaults:5)
  An orc high priest (Orc:2)
  6 vampire magi
  13 naga sharpshooters
  A shock serpent (shapeshifter) (Depths:2)
  A soul eater (Abyss:2)
  7 deep troll earth magi
  5 shock serpents
  15 deep elf knights
  4 iron trolls
  2 sun demons
  4 wretched stars
  A shadow wraith (Abyss:3)
  2 sixfirhies (Abyss:3)
  10 hell knights (Depths:5)
  2 spatial maelstroms (Abyss:3)
  20 large abominations
  10 skeletal warriors
  A spriggan druid (Swamp:3)
  20 deep elf archers
  4 flayed ghosts
  A salamander mystic (Snake:4)
  A deep troll (shapeshifter) (Depths:5)
  A shadow demon (Depths:5)
  4 shambling mangroves (Swamp:4)
  2 glowing orange brains
  A swamp dragon (shapeshifter) (Depths:4)
  33 deep trolls
  2 shadow dragon zombies
  2 lindwurms
  7 naga ritualists
  14 ironbrand convokers
  6 wizards
  A tengu zombie (Depths:4)
  A harpy (shapeshifter) (Vaults:3)
  9 swamp dragons
  18 necromancers
  17 orc knights
  3 phantasmal warriors
  A wolf spider zombie (Abyss:3)
  69 deep elf magi
  6 mana vipers
  A mana viper (shapeshifter) (Abyss:3)
  8 wolf spiders
  A shadow dragon skeleton (Vaults:5)
  39 ugly things
  8 orc sorcerers
  A frost giant zombie (Abyss:3)
  4 shining eyes
  4 salamanders
  5 cyclopes
  21 moths of wrath
  9 guardian serpents
  3 ice statues
  4 worldbinders (Abyss:3)
  An elephant (shapeshifter) (Depths:4)
  An eye of devastation (shapeshifter) (Depths:2)
  11 elephants (Lair:6)
  2 rust devils
  38 black mambas
  5 orange demons
  A titan simulacrum (Depths:1)
  A black mamba (shapeshifter) (Depths:4)
  An elf zombie (Vaults:5)
  Joseph (D:7)
  A frost giant skeleton (Abyss:3)
  3 eyes of devastation
  2 molten gargoyles (Volcano)
  12 vault sentinels
  2 guardian serpents (shapeshifter)
  3 smoke demons (Abyss:3)
  4 apocalypse crabs
  26 naga magi
  A torpor snail (shapeshifter) (Vaults:5)
  A water nymph (shapeshifter) (Depths:4)
  5 torpor snails (Lair:6)
  3 spriggan skeletons (Depths:4)
  45 yaktaurs
  2 komodo dragons (shapeshifter)
  20 spiny frogs
  2 rime drakes
  A yaktaur zombie (Depths:1)
  A demonic crawler (D:4)
  An efreet (D:15)
  3 hellwings
  A minotaur zombie (Lab)
  3 anaconda simulacra (IceCv)
  11 freezing wraiths
  8 komodo dragons
  5 ancient zymes (Abyss:3)
  11 ice devils
  6 tengu conjurers
  4 trolls
  9 tyrant leeches
  A hydra zombie (Abyss:3)
  A jumping spider (shapeshifter) (Depths:4)
  2 polar bears (shapeshifter)
  3 trolls (shapeshifter)
  A harpy zombie (Abyss:3)
  3 polar bears
  A queen bee (shapeshifter) (Vaults:2)
  4 red devils
  A wolf spider simulacrum (D:15)
  A hornet (shapeshifter) (Vaults:3)
  11 bog bodies
  A shadow dragon simulacrum (Depths:4)
  A tengu simulacrum (Vaults:5)
  107 slime creatures
  An ettin zombie (Depths:1)
  26 hornets
  21 raiju
  A hippogriff (shapeshifter) (Vaults:2)
  14 blink frogs
  2 raiju (shapeshifter) (Depths:4)
  A frost giant simulacrum (Abyss:3)
  9 hippogriffs
  A fire giant simulacrum (Abyss:3)
  5 redbacks
  20 flying skulls
  2 vampires
  2 shadows
  An air elemental (Elf:2)
  A human (shapeshifter) (Abyss:3)
  7 wraiths
  2 ettin skeletons
  4 tarantellas (shapeshifter)
  13 wyverns
  44 yaks
  11 spriggans
  4 ynoxinuls
  A hog (shapeshifter) (Vaults:4)
  2 dire elephant simulacra (IceCv)
  5 water elementals
  2 fire elementals
  6 golden eyes (Slime:5)
  7 chaos spawn
  9 fire bats
  A steam dragon (shapeshifter) (Vaults:5)
  5 neqoxecs (Abyss:3)
  A golden eye (shapeshifter) (D:15)
  9 vampire mosquitoes
  A steam dragon (D:8)
  3 basilisks
  7 hungry ghosts
  6 wargs
  Edmund (D:5)
  19 swamp worms
  2 spatial vortices (Abyss:3)
  2 harpy simulacra (IceCv)
  39 nagas
  A swamp worm (shapeshifter) (D:15)
  13 insubstantial wisps
  2 iron troll simulacra (IceCv)
  3 acid dragons
  A soldier ant (D:15)
  2 hell hounds (Volcano)
  A soldier ant (shapeshifter) (Vaults:4)
  19 water moccasins
  9 porcupines
  A hydra simulacrum (IceCv)
  42 orc warriors
  A sky beast (D:11)
  A black bear (shapeshifter) (D:15)
  15 swamp drakes
  A black bear (Lair:4)
  5 eyes of draining
  14 boggarts
  39 ogres
  An eye of draining (shapeshifter) (D:15)
  A tengu (shapeshifter) (D:15)
  26 wolves
  11 centaurs
  A boggart (shapeshifter) (D:14)
  A centaur (shapeshifter) (Elf:2)
  An ettin simulacrum (Depths:1)
  13 crocodiles
  An elf simulacrum (Vaults:1)
  A crocodile (shapeshifter) (D:13)
  A big kobold (D:7)
  8 bullfrogs
  A human zombie (Vaults:5)
  A gnoll sergeant (D:8)
  7 earth elementals
  A wyvern skeleton (D:14)
  A wyvern zombie (D:7)
  A hornet simulacrum (Vaults:1)
  8 killer bees
  9 wights
  2 human simulacra
  19 small abominations
  2 howler monkeys
  6 crimson imps
  A yaktaur simulacrum (Vaults:1)
  5 lava snakes (Volcano)
  6 quasits
  A centaur zombie (D:7)
  5 hounds
  2 jellies
  4 centaur skeletons
  31 orc priests
  34 orc wizards
  5 bullfrog skeletons
  3 iron imps
  6 iguanas
  16 hell rats
  18 worker ants
  A hound zombie (D:9)
  2 hound skeletons
  A worker ant zombie (D:5)
  7 gnolls
  11 river rats (Lair:2)
  10 adders
  8 shadow imps
  4 white imps
  5 ufetubi
  An ooze (D:1)
  An adder zombie (D:7)
  2 adder skeletons
  A dart slug (D:2)
  6 leopard geckos
  116 orcs
  3 ball pythons
  3 bats (D:1)
  4 giant cockroaches
  9 goblins
  6 hobgoblins
  2 jackals (D:8)
  10 quokkas
  A ball python skeleton (D:6)
  6 frilled lizards
  A giant cockroach zombie (D:5)
  14 kobolds
  A leopard gecko skeleton (D:6)
  A quokka zombie (D:5)
  20 rats
  A spectral orc (D:3)
  9 crawling corpses
  A lurking horror (Abyss:3)
  A plant (Lair:6)
  12 starspawn tentacles (Abyss:3)
2796 creatures vanquished.

Vanquished Creatures (others)
  2 large abominations
  A vault warden (Vaults:5)
  A deep elf sorcerer (Elf:3)
  A draconian knight (Zot:5)
  A draconian stormcaller (Zot:2)
  A draconian annihilator (Zot:2)
  2 ironheart preservers
  A very ugly thing (D:15)
  2 yellow draconians
  A white draconian (Zot:4)
  4 yaktaur captains
  A rakshasa (Depths:4)
  3 hydras
  A centaur warrior (Vaults:3)
  3 two-headed ogres
  A deep troll shaman (D:15)
  A naga sharpshooter (Snake:4)
  A deep elf knight (Vaults:4)
  A spatial maelstrom (Abyss:3)
  A spriggan (Depths:2)
  A storm dragon zombie (Vaults:5)
  A wretched star (Abyss:1)
  A deep troll (Depths:1)
  A deep elf archer (Vaults:1)
  A deep elf mage (Elf:2)
  A phantasmal warrior (Depths:2)
  6 moths of wrath
  A naga mage (Snake:4)
  3 yaktaurs
  2 spiny frogs
  An ancient zyme (Abyss:3)
  2 hornets
  A troll (Orc:2)
  3 slime creatures
  A raiju (Abyss:3)
  A water elemental (Elf:2)
  A redback (Vaults:5)
  A wyvern (Lair:6)
  A fire bat (Volcano)
  An insubstantial wisp (Swamp:2)
  A naga (Snake:4)
  A swamp worm (Swamp:3)
  2 orc warriors (Vaults:1)
  A centaur (Depths:1)
  An ogre (Vaults:5)
  A small abomination (Abyss:3)
  2 orc priests
  2 orc wizards
  3 orcs
  A jackal (D:8)
  39 bushes (Depths:1)
  10 fungi
  24 plants
  17 starspawn tentacles
166 creatures vanquished.

Grand Total: 2962 creatures vanquished

Notes
Turn   | Place    | Note
-------+----------+-------------------------------------------
     0 | D:1      | Mgcat the Gargoyle Gladiator began the quest for the Orb.
     0 | D:1      | Reached XP level 1. HP: 12/12 MP: 1/1
   295 | D:1      | Reached XP level 2. HP: 16/17 MP: 2/2
   830 | D:1      | Reached skill level 4 in Maces & Flails
  1042 | D:2      | Found a glowing golden altar of the Shining One.
  1049 | D:2      | Reached XP level 3. HP: 18/21 MP: 3/3
  1435 | D:2      | Reached XP level 4. HP: 18/26 MP: 4/4
  1658 | D:3      | Found a sparkling altar of Nemelex Xobeh.
  1662 | D:3      | Reached skill level 5 in Maces & Flails
  2083 | D:3      | Reached XP level 5. HP: 29/30 MP: 5/5
  2471 | D:3      | Found a basalt altar of Yredelemnul.
  2691 | D:4      | Reached skill level 6 in Maces & Flails
  2815 | D:4      | Noticed an ogre
  2822 | D:4      | Killed an ogre
  2822 | D:4      | Reached XP level 6. HP: 32/35 MP: 6/6
  2954 | D:4      | Reached skill level 7 in Maces & Flails
  3141 | D:4      | Reached XP level 7. HP: 37/40 MP: 7/7
  3291 | D:4      | Got a slimy spear
  3292 | D:4      | Identified the +9 spear of Focus {pierce, Dex+4} (You found it on level 4 of the Dungeon)
  3423 | D:5      | Entered Level 5 of the Dungeon
  3460 | D:5      | Noticed Edmund
  3476 | D:5      | Killed Edmund
  3476 | D:5      | Reached skill level 8 in Maces & Flails
  3859 | D:5      | Noticed galech's ghost (novice OgBe)
  4179 | D:5      | Noticed Menkaure
  4199 | D:6      | Reached skill level 9 in Maces & Flails
  4207 | D:6      | Reached XP level 8. HP: 31/44 MP: 8/8
  4561 | D:6      | Found a snail-covered altar of Cheibriados.
  4736 | D:6      | Found a burning altar of Makhleb.
  4932 | D:7      | Reached skill level 10 in Maces & Flails
  4940 | D:7      | Noticed a hippogriff
  4954 | D:7      | Killed a hippogriff
  4958 | D:7      | Got a shimmering leather armour
  4972 | D:7      | Identified the +3 leather armour of Analysis {rC+} (You found it on level 7 of the Dungeon)
  5055 | D:7      | Noticed Joseph
  5076 | D:7      | Killed Joseph
  5076 | D:7      | Reached skill level 11 in Maces & Flails
  5076 | D:7      | Reached XP level 9. HP: 25/48 MP: 9/9
  5170 | D:7      | Found the +9 scales of the Dragon King {rPois rF+ rC+ MR+}
  5257 | D:7      | Found a staircase to the Ecumenical Temple.
  5379 | D:7      | Reached skill level 12 in Maces & Flails
  5977 | Temple   | Entered the Ecumenical Temple
  6074 | Temple   | Became a worshipper of Ru the Awakened
  6178 | D:8      | Noticed Erica
  6214 | D:8      | Killed Erica
  6214 | D:8      | Reached skill level 13 in Maces & Flails
  6295 | D:8      | Reached XP level 10. HP: 48/53 MP: 10/10
  6553 | D:8      | Reached skill level 14 in Maces & Flails
  6749 | D:8      | Reached skill level 3 in Fighting
  7173 | D:9      | Found a staircase to the Lair.
  7174 | D:9      | Noticed a death yak
  7174 | D:9      | Noticed a death yak
  7176 | D:9      | Noticed a death yak
  7220 | D:9      | Killed a death yak
  7220 | D:9      | Reached skill level 5 in Fighting
  7233 | D:9      | Killed a death yak
  7233 | D:9      | Reached skill level 3 in Armour
  7237 | D:9      | Reached skill level 4 in Armour
  7253 | D:9      | Killed a death yak
  7253 | D:9      | Reached skill level 6 in Armour
  7264 | D:9      | Reached skill level 3 in Dodging
  7300 | D:9      | Noticed a two-headed ogre
  7330 | D:9      | Killed a two-headed ogre
  7330 | D:9      | Reached skill level 4 in Dodging
  7330 | D:9      | Reached XP level 11. HP: 50/64 MP: 11/11
  7361 | D:9      | Found Laenuup's Magic Scroll Shop.
  7365 | D:9      | Bought a scroll of blinking for 105 gold pieces
  7365 | D:9      | Bought a scroll of brand weapon for 280 gold pieces
  7543 | D:9      | Found a blossoming altar of Fedhas.
  7841 | D:9      | Reached skill level 5 in Dodging
  8058 | D:10     | Entered Level 10 of the Dungeon
  8094 | D:10     | Noticed a deep elf mage
  8119 | D:10     | Killed a deep elf mage
  9182 | D:11     | Noticed ThisFiasco's ghost (journeyman DDFi)
  9201 | D:11     | Killed ThisFiasco's ghost
  9201 | D:11     | Reached skill level 15 in Maces & Flails
  9444 | D:11     | Noticed a white ugly thing
  9457 | D:11     | Killed a white ugly thing
 10024 | D:11     | Found a staircase to the Orcish Mines.
 10163 | D:11     | Noticed a cyan ugly thing
 10174 | D:11     | Killed a cyan ugly thing
 10223 | D:11     | Reached XP level 12. HP: 65/68 MP: 12/12
 10231 | D:11     | Reached skill level 16 in Maces & Flails
 10332 | Lair:1   | Entered Level 1 of the Lair of Beasts
 10421 | Lair:1   | Reached skill level 6 in Fighting
 10474 | Lair:1   | Reached skill level 7 in Fighting
 11210 | Lair:2   | Found a labyrinth entrance.
 11223 | Lab      | Entered a labyrinth
 11380 | Lab      | Reached skill level 8 in Fighting
 11440 | Lab      | Noticed a minotaur
 11485 | Lab      | Killed a minotaur
 11639 | Lab      | Reached skill level 9 in Fighting
 11793 | Lair:2   | Gained mutation: You are somewhat inexperienced. (-2 XL) [Ru sacrifice]
 11793 | Lair:2   | Reached XP level 11. HP: 68/71 MP: 11/11
 11793 | Lair:2   | Reached XP level 10. HP: 66/66 MP: 10/10
 11793 | Lair:2   | Reached * piety under Ru
 11793 | Lair:2   | Reached ** piety under Ru
 11809 | Lair:2   | Noticed a five-headed hydra
 11813 | Lair:2   | Killed a five-headed hydra
 11828 | Lair:2   | Reached skill level 10 in Fighting
 11923 | Lair:2   | Reached XP level 11. HP: 70/72 MP: 11/11
 12722 | Lair:3   | Found a staircase to the Snake Pit.
 12729 | Lair:3   | Reached skill level 7 in Armour
 12775 | Lair:3   | Noticed a seven-headed hydra
 12783 | Lair:3   | Killed a seven-headed hydra
 12951 | Lair:3   | Gained mutation: You cannot study or use magical devices. [Ru sacrifice]
 12951 | Lair:3   | Reached *** piety under Ru
 12951 | Lair:3   | Reached **** piety under Ru
 12963 | Lair:3   | Reached skill level 6 in Dodging
 13067 | Lair:3   | Found a staircase to the Swamp.
 13449 | Lair:4   | Reached skill level 11 in Fighting
 13449 | Lair:4   | Reached XP level 12. HP: 73/80 MP: 12/12
 13528 | Lair:4   | Found a dark tunnel.
 13534 | Volcano  | Entered a volcano
 13830 | Volcano  | Found a burning altar of Makhleb.
 13840 | Volcano  | Reached skill level 8 in Armour
 13860 | Volcano  | Noticed a fire dragon
 13879 | Volcano  | Killed a fire dragon
 13881 | Volcano  | Cast into level 2 of the Abyss (molten gargoyle)
 13904 | Abyss:2  | Identified the Catalogue of Conjuration and Good Luck
 13932 | Abyss:2  | Noticed a thrashing horror
 13942 | Abyss:2  | Killed a thrashing horror
 14024 | Abyss:2  | Noticed an eidolon
 14065 | Abyss:2  | Noticed a soul eater
 14099 | Abyss:2  | Killed a soul eater
 14117 | Abyss:2  | Noticed a starcursed mass
 14121 | Abyss:2  | Noticed a thrashing horror
 14124 | Abyss:2  | Noticed a thrashing horror
 14195 | Abyss:2  | Found a shimmering altar of Xom.
 14195 | Abyss:2  | Found a shimmering altar of Xom.
 14197 | Abyss:2  | Found a corrupted altar of Lugonu.
 14197 | Abyss:2  | Found a shimmering altar of Xom.
 14202 | Abyss:2  | Found a shimmering altar of Xom.
 14203 | Abyss:2  | Found a shimmering altar of Xom.
 14203 | Abyss:2  | Found a shimmering altar of Xom.
 14203 | Abyss:2  | Found a shimmering altar of Xom.
 14204 | Abyss:2  | Found a shimmering altar of Xom.
 14204 | Abyss:2  | Found a shimmering altar of Xom.
 14204 | Abyss:2  | Found a shimmering altar of Xom.
 14204 | Abyss:2  | Found a shimmering altar of Xom.
 14205 | Abyss:2  | Found a shimmering altar of Xom.
 14205 | Abyss:2  | Found a shimmering altar of Xom.
 14205 | Abyss:2  | Found a shimmering altar of Xom.
 14205 | Abyss:2  | Found a shimmering altar of Xom.
 14258 | Abyss:2  | Identified a scroll of acquirement
 14262 | Abyss:2  | Noticed a tentacled starspawn
 14338 | Volcano  | Escaped the Abyss
 14440 | Volcano  | Got ichor-stained fire dragon scales
 14444 | Volcano  | Identified the cursed +1 fire dragon scales of the Ward {-Cast +Inv rF++ rC- rCorr Str+4} (You found it in a volcano)
 14511 | Lair:4   | Reached skill level 7 in Dodging
 14522 | Lair:4   | Gained mutation: You are hated by all. [Ru sacrifice]
 14522 | Lair:4   | Reached ***** piety under Ru
 14768 | Lair:4   | Reached XP level 13. HP: 85/85 MP: 13/13
 14774 | Lair:4   | Reached skill level 9 in Armour
 15351 | Lair:5   | Reached skill level 12 in Fighting
 15466 | Lair:5   | Found a staircase to the Slime Pits.
 15495 | Lair:5   | Gained mutation: Your magical capacity is low. (-10% MP) [Ru sacrifice]
 15703 | Lair:5   | Noticed Scuka's ghost (journeyman DrTm)
 15746 | Lair:5   | Killed Scuka's ghost
 16012 | Lair:6   | Entered Level 6 of the Lair of Beasts
 16022 | Lair:6   | Reached skill level 17 in Maces & Flails
 16402 | Lair:6   | Reached skill level 10 in Armour
 16414 | Lair:6   | Reached skill level 8 in Dodging
 16593 | Lair:6   | Gained mutation: Your large and strong wings let you fly indefinitely. [Gargoyle growth]
 16593 | Lair:6   | Reached XP level 14. HP: 90/92 MP: 12/12
 16961 | Lair:6   | Gained mutation: You cannot study or cast Fire magic. [Ru sacrifice]
 16961 | Lair:6   | Gained mutation: You cannot study or cast Hexes magic. [Ru sacrifice]
 16961 | Lair:6   | Gained mutation: You cannot study or cast Charms magic. [Ru sacrifice]
 16961 | Lair:6   | Reached ****** piety under Ru
 17212 | Lair:6   | Found a runed door.
 17292 | Lair:6   | Reached skill level 13 in Fighting
 17600 | Lair:6   | Reached skill level 11 in Armour
 18010 | Lair:6   | Reached skill level 1 in Shields
 18283 | Orc:1    | Entered Level 1 of the Orcish Mines
 18298 | Orc:1    | Reached skill level 2 in Shields
 18466 | Orc:2    | Entered Level 2 of the Orcish Mines
 18511 | Orc:2    | Reached skill level 3 in Shields
 18757 | Orc:2    | Cast into level 1 of the Abyss (orc wizard)
 18757 | Abyss:1  | Found a corrupted altar of Lugonu.
 18758 | Abyss:1  | Noticed a brown very ugly thing
 18768 | Abyss:1  | Killed a brown very ugly thing
 18768 | Abyss:1  | Reached skill level 4 in Shields
 18785 | Abyss:1  | Noticed a quicksilver dragon
 18794 | Abyss:1  | Killed a quicksilver dragon
 18794 | Abyss:1  | Reached skill level 2 in Throwing
 18996 | Abyss:1  | Noticed a tentacled starspawn
 19009 | Abyss:1  | Killed a tentacled starspawn
 19009 | Abyss:1  | Reached skill level 9 in Dodging
 19011 | Abyss:1  | Noticed a tentacled monstrosity
 19012 | Abyss:1  | Noticed a bone dragon
 19027 | Abyss:1  | Killed a tentacled monstrosity
 19029 | Orc:2    | Escaped the Abyss
 19044 | Orc:2    | Killed a bone dragon
 19044 | Orc:2    | Reached skill level 3 in Throwing
 19044 | Orc:2    | Reached XP level 15. HP: 48/99 MP: 13/13
 19045 | Orc:2    | HP: 23/99 [something (25)]
 19548 | Orc:2    | Found a staircase to the Elven Halls.
 19647 | Orc:2    | Found Zodghyxzi's Food Shop.
 19647 | Orc:2    | Found Kigatoet's Jewellery Boutique.
 19648 | Orc:2    | Found Tacs's Food Boutique.
 19651 | Orc:2    | Found Sateeq's General Store.
 19655 | Orc:2    | Bought a potion of invisibility for 96 gold pieces
 19680 | Orc:2    | Bought a cursed -5 ring of evasion for 36 gold pieces
 19685 | Orc:2    | Bought a +6 ring of evasion for 1404 gold pieces
 21148 | Snake:1  | Entered Level 1 of the Snake Pit
 21248 | Snake:1  | Reached skill level 1 in Crossbows
 21578 | Snake:1  | Reached skill level 2 in Crossbows
 22051 | Snake:2  | Noticed HyperPerson7's ghost (adept DEFE)
 22152 | Snake:2  | Killed HyperPerson7's ghost
 22152 | Snake:2  | Reached skill level 18 in Maces & Flails
 22186 | Snake:2  | Reached skill level 3 in Crossbows
 22186 | Snake:2  | Reached skill level 12 in Armour
 22220 | Snake:2  | Reached skill level 14 in Fighting
 22402 | Snake:2  | Noticed Mgcat's ghost (adept GrHu)
 22442 | Snake:2  | Killed Mgcat's ghost
 22589 | Snake:2  | Found a shadowy altar of Dithmenos.
 22834 | Snake:3  | Reached skill level 4 in Crossbows
 22908 | Snake:3  | Found a deep blue altar of Sif Muna.
 22934 | Snake:3  | Reached XP level 16. HP: 82/106 MP: 14/14
 22958 | Snake:3  | Reached skill level 10 in Dodging
 23629 | Snake:3  | Reached skill level 5 in Crossbows
 23648 | Snake:4  | Entered Level 4 of the Snake Pit
 23799 | Snake:4  | Found Ovvy's Food Emporium.
 23808 | Snake:4  | Found a frozen archway.
 23820 | IceCv    | Entered an ice cave
 24266 | IceCv    | Got a smoking flail
 24273 | IceCv    | Got a brightly glowing robe
 24275 | IceCv    | Identified the cursed +2 flail of Irrepressible Laughter {freeze, rF- rN+ Stlth+} (You found it in an ice cave)
 24378 | Snake:4  | Noticed Vashnia
 24445 | Snake:4  | Killed Vashnia
 24445 | Snake:4  | Reached skill level 6 in Crossbows
 24445 | Snake:4  | Reached skill level 13 in Armour
 25427 | Snake:4  | Reached skill level 15 in Fighting
 25428 | Snake:4  | Noticed a nagaraja
 25438 | Snake:4  | Killed a nagaraja
 25440 | Snake:4  | Noticed a nagaraja
 25502 | Snake:4  | Killed a nagaraja
 25502 | Snake:4  | Reached XP level 17. HP: 93/113 MP: 15/15
 25851 | Snake:4  | Reached skill level 7 in Crossbows
 26297 | Snake:4  | Got a serpentine rune of Zot
 26579 | Swamp:1  | Entered Level 1 of the Swamp
 26595 | Swamp:1  | Reached skill level 11 in Dodging
 27181 | Swamp:2  | Noticed Donald
 27210 | Swamp:2  | Killed Donald
 27547 | Swamp:2  | Noticed Nikola
 27564 | Swamp:2  | Killed Nikola
 27564 | Swamp:2  | Reached skill level 5 in Shields
 27838 | Swamp:2  | Got a clouded glass ring
 27840 | Swamp:2  | Identified the ring "Azovuyh" {rN+ MR- Int+3 Stlth-} (You found it on level 2 of the Swamp)
 28115 | Swamp:2  | Reached skill level 19 in Maces & Flails
 28195 | Swamp:2  | Reached skill level 8 in Crossbows
 28233 | Swamp:2  | Reached skill level 14 in Armour
 29130 | Swamp:4  | Entered Level 4 of the Swamp
 29278 | Swamp:4  | Reached skill level 6 in Shields
 29278 | Swamp:4  | Reached XP level 18. HP: 96/120 MP: 16/16
 29891 | Swamp:4  | Reached skill level 16 in Fighting
 30044 | Swamp:4  | Reached skill level 7 in Shields
 30132 | Swamp:4  | Got a decaying rune of Zot
 31255 | D:13     | Found a corrupted altar of Lugonu.
 31261 | D:13     | Reached skill level 9 in Crossbows
 31417 | D:13     | Found a hazy altar of Hepliaklqana.
 31465 | D:13     | Found a gate to the Vaults.
 31902 | D:13     | Found Jeonir's Magic Scroll Emporium.
 31905 | D:13     | Bought a scroll of enchant weapon for 97 gold pieces
 31905 | D:13     | Bought a scroll of magic mapping for 45 gold pieces
 31905 | D:13     | Bought a scroll of fog for 26 gold pieces
 31905 | D:13     | Bought a scroll of fog for 26 gold pieces
 32073 | D:14     | Got a jewelled helmet
 32099 | D:13     | Identified the +2 helmet of the Lost Path {Dex+4} (You found it on level 14 of the Dungeon)
 32128 | D:14     | Found a roughly hewn altar of Beogh.
 32438 | D:14     | Found a glowing golden altar of the Shining One.
 32608 | D:15     | Entered Level 15 of the Dungeon
 33102 | D:15     | Identified Xibobrej's Almanac of Transformation
 33106 | D:15     | Got a steaming amber ring
 33114 | D:15     | Identified the cursed ring "Ojyifrof" {-Tele rC+ Dex-3 Slay+2 SInv} (You found it on level 15 of the Dungeon)
 33507 | D:15     | Found a staircase to the Depths.
 33804 | Vaults:1 | Entered Level 1 of the Vaults
 33877 | Vaults:1 | Reached skill level 8 in Shields
 33901 | Vaults:1 | Reached XP level 19. HP: 45/126 MP: 17/17
 33901 | Vaults:1 | HP: 20/126 [mirror damage (25)]
 34343 | Vaults:1 | Reached skill level 12 in Dodging
 34606 | Vaults:1 | Reached skill level 15 in Armour
 34741 | Vaults:1 | Reached skill level 10 in Crossbows
 34821 | Vaults:1 | Paralysed by an ogre mage for 4 turns
 35320 | Vaults:1 | Reached skill level 9 in Shields
 36427 | Vaults:2 | Reached skill level 17 in Fighting
 36877 | Vaults:2 | Reached XP level 20. HP: 129/134 MP: 18/18
 37507 | Vaults:3 | Reached skill level 10 in Shields
 37521 | Vaults:3 | Paralysed by a sphinx for 7 turns
 37562 | Vaults:3 | Reached skill level 20 in Maces & Flails
 38102 | Vaults:3 | Found a staircase to the Crypt.
 38191 | Vaults:3 | Reached skill level 16 in Armour
 38338 | Vaults:3 | Found Ifaukkeb's Armour Boutique.
 38706 | Vaults:4 | Reached skill level 13 in Dodging
 38759 | Vaults:4 | Found Pongo's Gadget Emporium.
 38832 | Vaults:4 | Found a ruined gateway.
 39258 | Vaults:4 | Reached skill level 11 in Shields
 39461 | Vaults:4 | Gained mutation: You have sharp toenails. [a neqoxec]
 39557 | Vaults:4 | Got a brightly glowing chain mail
 39724 | Vaults:4 | Reached XP level 21. HP: 129/140 MP: 18/18
 40096 | Depths:1 | Entered Level 1 of the Depths
 40170 | Depths:1 | Noticed Louise
 40524 | Depths:1 | Killed Louise
 40537 | Depths:1 | Found a one-way gate leading to the halls of Pandemonium.
 40568 | D:15     | Reached skill level 18 in Fighting
 41736 | Depths:1 | Found a one-way gate to the infinite horrors of the Abyss.
 41799 | Depths:1 | Found a gateway to Hell.
 41826 | Depths:1 | Reached skill level 12 in Shields
 41980 | Depths:1 | Noticed a juggernaut
 42001 | Depths:1 | Killed a juggernaut
 42156 | Depths:1 | Reached skill level 17 in Armour
 42899 | Depths:2 | Reached XP level 22. HP: 100/148 MP: 19/19
 43656 | Depths:2 | Noticed a golden dragon
 43677 | Depths:2 | Reached skill level 14 in Dodging
 43682 | Depths:2 | Noticed a juggernaut
 43692 | Depths:2 | HP: 34/148 [golden dragon (7)]
 44319 | Depths:2 | Killed a golden dragon
 44348 | Depths:2 | Killed a juggernaut
 44348 | Depths:2 | Reached skill level 21 in Maces & Flails
 44348 | Depths:2 | Reached skill level 13 in Shields
 44626 | Depths:2 | Got a sparkling brass amulet
 44640 | Depths:3 | Found Oczicier's General Store.
 45323 | Elf:1    | Entered Level 1 of the Elven Halls
 45679 | Elf:1    | Identified the amulet "Fidd" {Acrobat *Corrode rElec rF- Dex+8} (You took it off a frost giant on level 2 of the Depths)
 45727 | Elf:1    | Reached skill level 19 in Fighting
 46137 | Elf:1    | Identified the Tome of Supportive Arcane Weapons
 46943 | Elf:2    | Reached skill level 18 in Armour
 46977 | Elf:2    | Found a runed gate.
 46981 | Elf:2    | Found a runed gate.
 46981 | Elf:2    | Found a runed gate.
 47062 | Elf:2    | Reached XP level 23. HP: 145/155 MP: 20/20
 47485 | Elf:3    | Entered Level 3 of the Elven Halls
 47619 | Elf:3    | Reached skill level 14 in Shields
 47654 | Elf:3    | Found an ancient bone altar of Kikubaaqudgha.
 47964 | Elf:3    | Found Sarepsat's General Store.
 48036 | Elf:3    | Gained mutation: You occasionally shout uncontrollably at your foes. [a cacodemon]
 48039 | Elf:3    | Gained mutation: You are dopey. (Int -2) [a cacodemon]
 48082 | Elf:3    | HP: 10/155 [deep elf annihilator/crystal spear (61)]
 48566 | Elf:3    | Got a warped morningstar {crush}
 48686 | Elf:2    | Identified the +4 morningstar of Wyrd {crush, +Inv Int+2} (You took it off a deep elf death mage on level 3 of the Elven Halls)
 48692 | Elf:3    | Got a heavily runed amber ring
 48694 | Elf:3    | Identified the ring "Suen Lyb" {MR- EV+1 Dex+3 SInv} (You took it off a deep elf annihilator on level 3 of the Elven Halls)
 49009 | Elf:3    | Got a clouded amber ring
 49060 | Elf:3    | Got a spiked chain mail
 49086 | Elf:3    | Found the +6 lightning scales {run, rElec}
 49132 | Elf:3    | Identified the Grimoire of Dark Orientation
 49140 | Elf:3    | Identified the ring "Rinnitid" {rF- rN+ MR+ Str+4} (You took it off a deep elf annihilator on level 3 of the Elven Halls)
 49347 | Elf:3    | Lost mutation: You occasionally shout uncontrollably at your foes. [potion of mutation]
 49347 | Elf:3    | Lost mutation: You are dopey. (Int -2) [potion of mutation]
 49347 | Elf:3    | Gained mutation: You have supernaturally acute eyesight. (SInv) [potion of mutation]
 49347 | Elf:3    | Gained mutation: You possess an exceptional clarity of mind. [potion of mutation]
 49347 | Elf:3    | Gained mutation: You are robust. (+10% HP) [potion of mutation]
 49760 | Depths:3 | Found Raopya's Antique Weapon Shop.
 49815 | Depths:3 | Found a transporter.
 49861 | Depths:3 | Noticed a juggernaut
 49917 | Depths:3 | Found a transporter.
 49958 | Depths:3 | Reached skill level 15 in Shields
 50053 | Depths:3 | Bought a scroll of enchant weapon for 135 gold pieces
 50053 | Depths:3 | Bought a scroll of blinking for 135 gold pieces
 50193 | Depths:3 | Got a distressingly furry chain mail
 50211 | Depths:4 | Found Zownyp's Jewellery Shoppe.
 50220 | Depths:4 | Reached skill level 20 in Fighting
 50365 | Depths:4 | Found a corrupted altar of Lugonu.
 50371 | Depths:4 | Noticed a golden dragon
 50388 | Depths:4 | Killed a golden dragon
 50388 | Depths:4 | Reached skill level 19 in Armour
 50480 | Depths:4 | Reached XP level 24. HP: 177/179 MP: 20/20
 50519 | Depths:4 | Found an iron altar of Okawaru.
 50645 | Depths:4 | Noticed a caustic shrike
 50662 | Depths:4 | Reached skill level 22 in Maces & Flails
 50667 | Depths:4 | Killed a caustic shrike
 51364 | Depths:4 | Paralysed by a floating eye for 4 turns
 51599 | Depths:4 | Found the +8 lance "Wyrmbane" {slay drac, rPois rF+ rC+ AC+3}
 51606 | Depths:4 | Got a twitching tin ring
 51614 | Depths:4 | Identified the ring "Taodwol" {rPois rF- Int+3 Slay+3 Stlth+} (You found it on level 4 of the Depths)
 51695 | Depths:4 | Got a pair of smoking gloves
 51711 | Depths:4 | Identified the +0 pair of gloves of the Ant {*Slow rN+ Int+6} (You found it on level 4 of the Depths)
 51996 | Depths:5 | Entered Level 5 of the Depths
 52152 | Depths:5 | Reached skill level 21 in Fighting
 52204 | Depths:5 | Found a gateway to a ziggurat.
 52556 | Depths:5 | Noticed a juggernaut
 52584 | Depths:5 | Killed a juggernaut
 52691 | Depths:5 | Got a thick robe
 52758 | Depths:5 | Reached skill level 23 in Maces & Flails
 52836 | Depths:5 | Found a radiant altar of Vehumet.
 52995 | Depths:5 | Found a portal to a secret trove of treasure.
 53069 | Depths:5 | Noticed a juggernaut
 53090 | Depths:5 | Killed a juggernaut
 53090 | Depths:5 | Reached skill level 11 in Crossbows
 53096 | Depths:5 | Reached XP level 25. HP: 144/189 MP: 20/20
 53577 | Depths:5 | Found a runed door.
 53675 | Depths:5 | Found a runed door.
 53694 | Depths:5 | Found a runed door.
 53705 | Depths:5 | Found a runed door.
 53741 | Depths:5 | Found a runed door.
 53741 | Depths:5 | Found a runed door.
 53823 | Depths:5 | Found a gate to the Realm of Zot.
 53878 | Depths:5 | Reached skill level 22 in Fighting
 55357 | Slime:1  | Entered Level 1 of the Pits of Slime
 55409 | Slime:1  | Reached skill level 12 in Crossbows
 55693 | Slime:3  | Lost mutation: You have supernaturally acute eyesight. (SInv) [a shining eye]
 55721 | Slime:5  | Entered Level 5 of the Pits of Slime
 55859 | Slime:5  | Gained mutation: Scrolls take you a little longer to read. [a shining eye]
 56045 | Slime:5  | Reached skill level 13 in Crossbows
 56115 | Slime:5  | Gained mutation: Armour fits poorly on your strangely shaped body. [a shining eye]
 56293 | Slime:4  | Lost mutation: Scrolls take you a little longer to read. [potion of mutation]
 56293 | Slime:4  | Lost mutation: You possess an exceptional clarity of mind. [potion of mutation]
 56293 | Slime:4  | Lost mutation: You are robust. (+10% HP) [potion of mutation]
 56293 | Slime:4  | Lost mutation: You have sharp toenails. [potion of mutation]
 56293 | Slime:4  | Gained mutation: You tend to lose your temper in combat. [potion of mutation]
 56293 | Slime:4  | Gained mutation: You expend magic power (3 MP) to strengthen your wands. [potion of mutation]
 56294 | Slime:4  | Lost mutation: You tend to lose your temper in combat. [potion of mutation]
 56294 | Slime:4  | Lost mutation: You expend magic power (3 MP) to strengthen your wands. [potion of mutation]
 56294 | Slime:4  | Lost mutation: Armour fits poorly on your strangely shaped body. [potion of mutation]
 56294 | Slime:4  | Gained mutation: You are dopey. (Int -2) [potion of mutation]
 56294 | Slime:4  | Gained mutation: Your flesh is heat resistant. (rF+) [potion of mutation]
 56508 | Slime:5  | Found a viscous altar of Jiyva.
 56523 | Slime:5  | Noticed the Royal Jelly
 56539 | Slime:5  | Killed the Royal Jelly
 56539 | Slime:5  | Reached skill level 14 in Crossbows
 56545 | Slime:5  | HP: 39/173 [acid blob (8)]
 56548 | Slime:5  | HP: 19/173 [acid (1)]
 56647 | Slime:5  | Identified the Grimoire of the Supportive Frostbite
 56657 | Slime:5  | Got a slimy rune of Zot
 56661 | Slime:5  | Identified the Almanac of Creative Flight
 56730 | Slime:5  | Got a thick robe
 56753 | Slime:5  | Identified a +0 pair of boots of running (You found it on level 5 of the Pits of Slime)
 57404 | Vaults:5 | Entered Level 5 of the Vaults
 57424 | Vaults:5 | Reached skill level 15 in Crossbows
 57525 | Vaults:5 | Reached skill level 16 in Crossbows
 57525 | Vaults:5 | HP: 38/173 [mirror damage (58)]
 57616 | Vaults:5 | Reached skill level 17 in Crossbows
 57811 | Vaults:5 | Reached skill level 18 in Crossbows
 57938 | Vaults:5 | HP: 42/174 [deep troll[an ironheart preserver] (4)]
 57943 | Vaults:5 | HP: 38/174 [deep troll[an ironheart preserver] (3)]
 58268 | Vaults:5 | Noticed an ancient lich
 58287 | Vaults:5 | Killed an ancient lich
 58823 | Vaults:5 | Got a steaming plate armour
 59059 | Vaults:5 | Got a silver rune of Zot
 59498 | Depths:1 | Voluntarily entered the Abyss.
 59533 | Abyss:2  | Found a radiant altar of Vehumet.
 59790 | Abyss:3  | Found a corrupted altar of Lugonu.
 60120 | Abyss:3  | Gained mutation: Scrolls take you a little longer to read. [a neqoxec]
 60125 | Abyss:3  | Gained mutation: You occasionally shout uncontrollably at your foes. [a neqoxec]
 60275 | Abyss:3  | Reached skill level 24 in Maces & Flails
 60290 | Abyss:3  | Reached skill level 16 in Shields
 60666 | Abyss:3  | Reached skill level 15 in Dodging
 60667 | Abyss:3  | Noticed an ancient lich
 60678 | Abyss:3  | Killed an ancient lich
 60776 | Abyss:3  | Reached skill level 23 in Fighting
 60794 | Abyss:3  | Reached skill level 20 in Armour
 60803 | Abyss:3  | Paralysed by accursed screaming for 2 turns
 60904 | Abyss:3  | Got an abyssal rune of Zot
 61007 | Depths:1 | Escaped the Abyss
 61008 | Depths:1 | Lost mutation: You are very dopey. (Int -4) [potion of mutation]
 61008 | Depths:1 | Lost mutation: Scrolls take you a little longer to read. [potion of mutation]
 61008 | Depths:1 | Gained mutation: Your mind is acute. (Int +2) [potion of mutation]
 61137 | Zot:1    | Entered Level 1 of the Realm of Zot
 62464 | Zot:1    | Noticed an ancient lich
 62480 | Zot:1    | Killed an ancient lich
 62487 | Zot:1    | HP: 33/176 [lich/bolt of acid (35)]
 62501 | Zot:1    | Identified Racsyapisoq's Incunabulum of the Helpful Glacier
 62503 | Zot:1    | Identified the Volume of Vitriolic Flames
 62656 | Zot:2    | Reached skill level 17 in Shields
 64272 | Zot:3    | Reached skill level 16 in Dodging
 64420 | Zot:3    | Reached skill level 21 in Armour
 65178 | Zot:4    | Reached skill level 18 in Shields
 65198 | Zot:4    | Reached skill level 24 in Fighting
 65568 | Zot:5    | Entered Level 5 of the Realm of Zot
 65659 | Zot:5    | Noticed an ancient lich
 65676 | Zot:5    | Killed an ancient lich
 65676 | Zot:5    | Reached skill level 25 in Maces & Flails
 65755 | Zot:5    | Noticed an ancient lich
 65772 | Zot:5    | Killed an ancient lich
 65849 | Zot:5    | Noticed an ancient lich
 65874 | Zot:5    | Killed an ancient lich
 65875 | Zot:5    | Noticed an orb of fire
 65886 | Zot:5    | Gained mutation: You are clumsy. (Dex -2) [an orb of fire]
 65895 | Zot:5    | Killed an orb of fire
 65914 | Zot:5    | Noticed an ancient lich
 65938 | Zot:5    | Killed an ancient lich
 66032 | Zot:5    | Noticed an orb of fire
 66053 | Zot:5    | HP: 43/179 [orb of fire/fireball (7)]
 66055 | Zot:5    | Gained mutation: You tend to lose your temper in combat. [an orb of fire]
 66062 | Zot:5    | Killed an orb of fire
 66102 | Zot:5    | Noticed an ancient lich
 66110 | Zot:5    | Killed an ancient lich
 66279 | Zot:5    | Noticed an ancient lich
 66322 | Zot:5    | Killed an ancient lich
 66330 | Zot:5    | Noticed an ancient lich
 66343 | Zot:5    | Killed an ancient lich
 66460 | Zot:5    | Noticed an orb of fire
 66477 | Zot:5    | Killed an orb of fire
 66671 | Zot:5    | Noticed an ancient lich
 66683 | Zot:5    | Killed an ancient lich
 66755 | Zot:5    | Reached skill level 19 in Shields
 66822 | Zot:5    | Noticed a Killer Klown
 66851 | Zot:5    | Noticed an ancient lich
 66868 | Zot:5    | Killed an ancient lich
 66868 | Zot:5    | Reached skill level 22 in Armour
 66954 | Zot:5    | Reached skill level 17 in Dodging
 67118 | Zot:5    | Noticed an orb of fire
 67147 | Zot:5    | Gained mutation: You are occasionally teleported next to monsters. [an orb of fire]
 67155 | Zot:5    | Gained mutation: Your magical capacity is very low. (-20% MP) [an orb of fire]
 67160 | Zot:5    | Killed an orb of fire
 67161 | Zot:5    | Lost mutation: You tend to lose your temper in combat. [potion of mutation]
 67161 | Zot:5    | Gained mutation: You evolve. [potion of mutation]
 67162 | Zot:5    | Lost mutation: You are clumsy. (Dex -2) [potion of mutation]
 67162 | Zot:5    | Lost mutation: Your mind is acute. (Int +2) [potion of mutation]
 67162 | Zot:5    | Lost mutation: Your flesh is heat resistant. (rF+) [potion of mutation]
 67162 | Zot:5    | Lost mutation: Your magical capacity is very low. (-20% MP) [potion of mutation]
 67162 | Zot:5    | Gained mutation: Your muscles are strong. (Str +2) [potion of mutation]
 67162 | Zot:5    | Gained mutation: You are clumsy. (Dex -2) [potion of mutation]
 67162 | Zot:5    | Gained mutation: You passively map a small area around you. [potion of mutation]
 67163 | Zot:5    | Lost mutation: You evolve. [potion of mutation]
 67163 | Zot:5    | Lost mutation: You are occasionally teleported next to monsters. [potion of mutation]
 67163 | Zot:5    | Gained mutation: You have a somewhat thin skeletal structure. (Dex +2, Stealth) [potion of mutation]
 67163 | Zot:5    | Gained mutation: You have a pair of small antennae on your head. [potion of mutation]
 67188 | Zot:5    | Noticed a Killer Klown
 67190 | Zot:5    | Noticed an ancient lich
 67214 | Zot:5    | Killed an ancient lich
 67224 | Zot:5    | Killed a Killer Klown
 67228 | Zot:5    | Noticed a Killer Klown
 67264 | Zot:5    | Killed a Killer Klown
 67304 | Zot:5    | Noticed an orb of fire
 67311 | Zot:5    | Gained mutation: You are frail. (-10% HP) [an orb of fire]
 67335 | Zot:5    | Killed an orb of fire
 67582 | Zot:5    | Killed a Killer Klown
 67582 | Zot:5    | Reached skill level 25 in Fighting
 68053 | Zot:5    | Lost mutation: You have a somewhat thin skeletal structure. (Dex +2, Stealth) [potion of mutation]
 68053 | Zot:5    | Lost mutation: You are clumsy. (Dex -2) [potion of mutation]
 68053 | Zot:5    | Lost mutation: You are frail. (-10% HP) [potion of mutation]
 68053 | Zot:5    | Gained mutation: Your flesh is cold resistant. (rC+) [potion of mutation]
 68053 | Zot:5    | Gained mutation: You have sharp toenails. [potion of mutation]
 68053 | Zot:5    | Gained mutation: Your flesh is heat resistant. (rF+) [potion of mutation]
 68091 | Zot:5    | Got the Orb of Zot
 68292 | Depths:2 | Noticed Garapp the pandemonium lord
 68734 | D:$      | Escaped with the Orb!

Vault maps used:
D:1:      dpeg_arrival_water_fire
D:2:      lemuel_crystal_altar, kennysheep_potato
D:3:      nicolae_overflow_hidden_temple, yredelemnul_forgotten_temple_becter
D:4:      first_ration
D:5:      lemuel_round_altar, uniq_crazy_yiuf_cottage, uniq_edmund,
          uniq_menkaure
D:6:      cheibriados_altar_1, kennysheep_mini_moat
D:7:      temple_pool_b, uniq_joseph
D:8:      uniq_erica
D:9:      dpeg_lair_monsters, serial_shops, shop, basic_altar, grunt_pizzeria
D:10:     serial_glass, glass_columns_a, glass_columns_b
D:11:     hiddenorc1_lemuel
D:13:     lightli_vaults_fourway_checkpoint, serial_shops,
          nicolae_shop_behind_doors, basic_altar, tgw_lugonu_bribe
D:14:     special_room, lemuel_tele_altar
D:15:     gammafunk_enter_depths_forms, minmay_evil_grid
Temple:   eino_temple_scatter_basement
Lair:1:   grunt_megastairs_4
Lair:2:   lemuel_ratsnest, lab_entry_generic, cheibrodos_lair_reptile_den
Lair:3:   minmay_swamp_entry_worms, minmay_snake_entry_guardpost_small,
          infiniplex_staircase_pool
Lair:4:   enter_volcano_2, st_stairs_5, forest_entry_grove, grunt_megastairs_5
Lair:5:   dpeg_slime_entry_corner
Lair:6:   hangedman_lair_tendril_chambers, wormcave
Swamp:1:  serial_swamp_ruin, evilmike_swamp_ruin_house_1,
          evilmike_swamp_ruin_rubble_1
Swamp:2:  evilmike_swamp_ruin_rubble_2, swamp_pool3, uniq_nikola, uniq_donald
Swamp:3:  nicolae_swamp_treefoil
Swamp:4:  swamp_basic_johnstein, swamp_pool3
Snake:2:  basic_altar
Snake:3:  basic_altar, nrook_guardian_serpent_double
Snake:4:  snake_pit, serial_shops, shop, portal_ice_cave_entry_ice_statue_one,
          uniq_vashnia
Slime:3:  nicolae_slime_pool
Orc:2:    st_orc_mages, rock_pile
Elf:1:    minmay_elf_sorcery
Elf:2:    nicolae_elf_v_pinch
Elf:3:    minmay_elf_hall_not_hex, basic_altar, serial_shops,
          nicolae_shop_behind_doors
Vaults:1: grunt_vaults_twisty, nicolae_vaults_network_periphery,
          vaults_mumra_hexcomb, v_alt_pattern_4, ontoclasm_vaults_gateway,
          nicolae_vaults_octagons, nicolae_vaults_what_the_h,
          nicolae_vaults_little_squares_1, hangedman_vaults_variations,
          hangedman_vaults_maws, hangedman_vaults_stretched_pinwheel,
          grunt_vaults_hallway_short, nicolae_vaults_asterisk, v_misc_8,
          hangedman_vaults_impose
Vaults:2: nicolae_vaults_ring_of_whatevers, ontoclasm_vaults_shuriken,
          hangedman_vaults_capsules, vaults_room_semicircle,
          ontoclasm_vaults_ring_small, vaults_room_grunt_arrival_checkpoint,
          nicolae_vaults_three_branches, nicolae_vaults_sealed_display
Vaults:3: grunt_vaults_hallway_long, v_misc_30, ontoclasm_vaults_spin,
          v_rooms_6, nicolae_vaults_mini_display_case, hangedman_vaults_pinch,
          st_lines, v_misc_12, v_misc_15, serial_shops, shop
Vaults:4: nicolae_vaults_twisting_passages, vaults_room_boxed, v_rooms_1,
          nicolae_vaults_disjoint_gnomons, hangedman_vaults_nails,
          hangedman_vaults_unwind, vaults_dpeg_diagonal,
          ontoclasm_vaults_ligature, v_misc_13,
          portal_desolation_entry_nicolae_slug, serial_shops, shop
Vaults:5: serial_shops
Depths:1: serial_bayou_ford_a, grunt_mini_vestibule, pan_entry,
          nicolae_abyss_entry_one_way_or_another, grunt_ministairs_3,
          minmay_hedge_maze, hangedman_decor_diamond_cutter,
          minmay_misc_feat_encased, st_stairs_11,
          serial_sigils_hangedman_scratch, kb_rosetta
Depths:2: grunt_runaround, hell_entry
Depths:3: emtedronai_trogs_sanctum, minmay_staircase_windowed_large, pan_entry,
          abyss_entry, serial_shops, shop, shop_coins, pf_hell_entry_great_geh
Depths:4: vault_1, grunt_pan_entry_in_and_out, okawaru_ov_weapons_minmay,
          serial_aquarium, aquarium_bridge_square, aquarium_window_fake,
          aquarium_window_1, aquarium_view_2e, aquarium_view_2c,
          aquarium_balcony_3b, pf_hell_entry_tar_spiral,
          abyss_entry_flame_altar, serial_shops, shop
Depths:5: evilmike_zot_entry_castle, enter_ziggurat_e, rand_demon_pan_entry_9,
          hell_entry, nicolae_trove_entry_free_sample, minmay_crystal_water,
          grunt_tower_of_power
Zot:1:    kennysheep_blocky_room, grunt_ministairs_11, nicolae_lava_and_water,
          lemuel_lich_library
Zot:4:    hangedman_zot_decor_checkerboard, st_stairs_6
Abyss:1:  evilmike_abyss_exit_10, abyss_furniture_001
Abyss:2:  hangedman_abyss_feature_spike
Abyss:3:  evilmike_abyss_rune_siren_acolytes
Lab:      labyrinth_hidden_loot, nicolae_lab_checkerboard, nicolae_lab_arrow,
          labyrinth_lava_lair, nicolae_lab_starburst, nicolae_lab_blocks,
          nicolae_lab_x, lab_fountain, nicolae_lab_diamond, nicolae_lab_t_cross
IceCv:    ice_cave_tombish
Volcano:  volcano_grotto

Skill      XL: |  1  2  3  4  5  6  7  8  9 10 11 12 13 14 15 16 17 18 19 20 21 22 23 24 25 |
---------------+----------------------------------------------------------------------------+-----
Maces & Flails | 4 5 6 7 9 11 13 14 15 16 17 18 19 20 21 23 25 | 25.7
Fighting       | 10 11 9 12 13 14 15 16 17 18 19 20 21 25 | 25.0
Armour         | 6 7 8 10 11 12 13 14 15 16 17 18 19 22 | 22.4
Dodging        | 4 6 7 8 9 10 11 12 13 14 17 | 17.3
Shields        | 4 6 8 9 11 12 13 15 19 | 19.6
Throwing       | 3 |  3.5
Crossbows      | 4 6 8 9 10 11 18 | 18.0

Action                   |  1- 3 |  4- 6 |  7- 9 | 10-12 | 13-15 | 16-18 | 19-21 | 22-24 | 25-27 || total
-------------------------+-------+-------+-------+-------+-------+-------+-------+-------+-------++-------
Melee: Flail             |   109 |    47 |   176 |   511 |       |       |       |       |       ||   843
       Morningstar       |       |    91 |    20 |   740 |  1316 |  2083 |  1893 |  1865 |  3726 || 11734
       Spear             |       |       |   137 |       |       |       |       |       |       ||   137
       Demon whip        |       |       |       |       |       |       |    85 |       |       ||    85
 Fire: Arbalest          |       |       |       |       |       |     1 |       |       |    70 ||    71
Invok: Sacrifice Experie |       |       |       |     1 |       |       |       |       |       ||     1
       Reject Sacrifices |       |       |       |     1 |       |       |       |       |       ||     1
       Sacrifice Artific |       |       |       |     1 |       |       |       |       |       ||     1
       Power Leap        |       |       |       |     1 |     1 |       |       |       |     1 ||     3
       Sacrifice Love    |       |       |       |     1 |       |       |       |       |       ||     1
       Sacrifice Essence |       |       |       |       |     1 |       |       |       |       ||     1
       Apocalypse        |       |       |       |       |     1 |     2 |     1 |     3 |     5 ||    12
       Sacrifice Arcana  |       |       |       |       |     1 |       |       |       |       ||     1
       Draw Out Power    |       |       |       |       |       |     1 |     1 |     5 |     6 ||    13
 Abil: Fly               |       |       |       |       |     1 |       |       |       |       ||     1
Evoke: Wand              |       |       |       |     8 |       |       |       |       |       ||     8
  Use: Scroll            |       |     7 |     9 |    21 |     9 |     5 |    11 |    21 |    29 ||   112
       Potion            |       |     1 |     4 |    11 |     8 |       |       |     2 |    36 ||    62
 Stab: Distracted        |       |       |       |     2 |     7 |    12 |    12 |    11 |    20 ||    64
       Invisible         |       |       |       |     3 |    10 |    13 |    11 |     6 |    24 ||    67
       Paralysed         |       |       |       |       |     3 |    10 |     5 |     6 |    25 ||    49
       Petrified         |       |       |       |       |       |       |       |     4 |       ||     4
  Eat: Chunk             |     2 |     5 |     9 |    25 |    14 |    26 |    14 |    12 |    18 ||   125
       Ration            |       |       |       |     3 |     4 |     4 |     6 |     6 |    12 ||    35
Armor: Leather armour    |    41 |    24 |    20 |       |       |       |       |       |       ||    85
       Scale mail        |       |    39 |    49 |       |       |       |       |       |       ||    88
       Gold dragon scale |       |       |    89 |   762 |   727 |   997 |   939 |   717 |  1564 ||  5795
Dodge: Dodged            |    88 |    62 |   120 |   198 |   331 |   805 |   699 |   642 |  1627 ||  4572
       Deflected         |       |       |       |       |       |       |       |       |    48 ||    48
Block: Other             |       |     6 |    32 |    84 |    70 |    12 |       |       |       ||   204
       Reflection        |       |       |       |     1 |     9 |    31 |    71 |    47 |    43 ||   202
       Buckler           |       |       |       |       |    94 |   231 |       |       |       ||   325
       Shield            |       |       |       |       |       |   674 |  1321 |   966 |  1848 ||  4809

Table legend:
 A = Spawn XP
 B = Non-spawn XP
 C = Spawn XP percentage of total XP
 D = Spawn monster count
 E = Non-spawn monster count
 F = Spawn count percentage of total count
 G = Total turns spent on level
                    A         B        C        D         E        F      G
               +---------+---------+-------+---------+---------+-------+---------
         Total |   92797 | 1835715 |   4.8 |     148 |    2654 |   5.3 | 68734
               +---------+---------+-------+---------+---------+-------+---------
           D:1 |       0 |      33 |   0.0 |       0 |      19 |   0.0 |  1061
           D:2 |       0 |      65 |   0.0 |       0 |      23 |   0.0 |   665
           D:3 |       0 |      78 |   0.0 |       0 |      17 |   0.0 |  1041
           D:4 |       0 |     513 |   0.0 |       0 |      22 |   0.0 |  1080
           D:5 |       0 |     360 |   0.0 |       0 |      13 |   0.0 |   636
           D:6 |       0 |     488 |   0.0 |       0 |      23 |   0.0 |   920
           D:7 |       0 |    2051 |   0.0 |       0 |      35 |   0.0 |  1136
           D:8 |       0 |    2132 |   0.0 |       0 |      25 |   0.0 |  1069
           D:9 |       0 |    4896 |   0.0 |       0 |      21 |   0.0 |  1148
          D:10 |       0 |    3413 |   0.0 |       0 |      34 |   0.0 |  1282
          D:11 |       0 |    5201 |   0.0 |       0 |      50 |   0.0 |  1489
          D:12 |       0 |    2440 |   0.0 |       0 |      14 |   0.0 |  1035
          D:13 |       0 |    7787 |   0.0 |       0 |      21 |   0.0 |  1262
          D:14 |       0 |    4681 |   0.0 |       0 |      40 |   0.0 |   830
          D:15 |       0 |   36641 |   0.0 |       0 |      71 |   0.0 |  2696
        Lair:1 |       0 |    2227 |   0.0 |       0 |      12 |   0.0 |  1173
        Lair:2 |       0 |    6052 |   0.0 |       0 |      64 |   0.0 |   983
        Lair:3 |       0 |    5851 |   0.0 |       0 |      26 |   0.0 |   984
        Lair:4 |       0 |    8326 |   0.0 |       0 |      45 |   0.0 |   993
        Lair:5 |       0 |    3562 |   0.0 |       0 |      11 |   0.0 |   994
        Lair:6 |       0 |   30676 |   0.0 |       0 |      97 |   0.0 |  2079
       Swamp:1 |       0 |    7400 |   0.0 |       0 |      15 |   0.0 |   956
       Swamp:2 |       0 |   23716 |   0.0 |       0 |      43 |   0.0 |   941
       Swamp:3 |       0 |    6229 |   0.0 |       0 |      22 |   0.0 |   699
       Swamp:4 |       0 |   38548 |   0.0 |       0 |      87 |   0.0 |  1121
       Snake:1 |       0 |   13956 |   0.0 |       0 |      24 |   0.0 |   952
       Snake:2 |       0 |   13925 |   0.0 |       0 |      21 |   0.0 |   833
       Snake:3 |       0 |   20398 |   0.0 |       0 |      46 |   0.0 |   789
       Snake:4 |       0 |   48507 |   0.0 |       0 |      76 |   0.0 |  2308
       Slime:1 |       0 |   11298 |   0.0 |       0 |      20 |   0.0 |    95
       Slime:2 |       0 |    7584 |   0.0 |       0 |      14 |   0.0 |    88
       Slime:3 |       0 |    7259 |   0.0 |       0 |      18 |   0.0 |    72
       Slime:4 |       0 |    8038 |   0.0 |       0 |      12 |   0.0 |   331
       Slime:5 |       0 |   51257 |   0.0 |       0 |      53 |   0.0 |   927
         Orc:1 |       0 |    2255 |   0.0 |       0 |      16 |   0.0 |  1006
         Orc:2 |    3570 |    6764 |  34.5 |       1 |      70 |   1.4 |   840
         Elf:1 |       0 |   18130 |   0.0 |       0 |      29 |   0.0 |  1113
         Elf:2 |       0 |   41047 |   0.0 |       0 |      63 |   0.0 |  1675
         Elf:3 |       0 |   75894 |   0.0 |       0 |      70 |   0.0 |  1422
      Vaults:1 |       0 |   71852 |   0.0 |       0 |     140 |   0.0 |  2043
      Vaults:2 |       0 |   23520 |   0.0 |       0 |      50 |   0.0 |  1249
      Vaults:3 |       0 |   55005 |   0.0 |       0 |      84 |   0.0 |  1557
      Vaults:4 |       0 |   45718 |   0.0 |       0 |      69 |   0.0 |  1361
      Vaults:5 |       0 |  199457 |   0.0 |       0 |     188 |   0.0 |  1851
      Depths:1 |       0 |   50354 |   0.0 |       0 |      64 |   0.0 |  1288
      Depths:2 |       0 |   86554 |   0.0 |       0 |      87 |   0.0 |  2786
      Depths:3 |       0 |   20654 |   0.0 |       0 |      24 |   0.0 |   813
      Depths:4 |       0 |   70118 |   0.0 |       0 |      77 |   0.0 |  1800
      Depths:5 |       0 |  123392 |   0.0 |       0 |     105 |   0.0 |  2413
         Zot:1 |       0 |   80217 |   0.0 |       0 |      60 |   0.0 |  1524
         Zot:2 |       0 |   71794 |   0.0 |       0 |      57 |   0.0 |   980
         Zot:3 |       0 |   44606 |   0.0 |       0 |      29 |   0.0 |  1028
         Zot:4 |       0 |   48932 |   0.0 |       0 |      31 |   0.0 |  1039
         Zot:5 |       0 |  269815 |   0.0 |       0 |      87 |   0.0 |  2478
       Abyss:1 |   11391 |     759 |  93.8 |      14 |       1 |  93.3 |   301
       Abyss:2 |    3746 |    1978 |  65.4 |      10 |       5 |  66.7 |   501
       Abyss:3 |   74090 |   25276 |  74.6 |     123 |      62 |  66.5 |  1436
           Lab |       0 |    2719 |   0.0 |       0 |       8 |   0.0 |   420
         IceCv |       0 |    8698 |   0.0 |       0 |      24 |   0.0 |   507
       Volcano |       0 |    4619 |   0.0 |       0 |      20 |   0.0 |   467
               +---------+---------+-------+---------+---------+-------+---------

Vault maps used:
D:1:      dpeg_arrival_water_fire
D:2:      lemuel_crystal_altar, kennysheep_potato
D:3:      nicolae_overflow_hidden_temple, yredelemnul_forgotten_temple_becter
D:4:      first_ration
D:5:      lemuel_round_altar, uniq_crazy_yiuf_cottage, uniq_edmund,
          uniq_menkaure
D:6:      cheibriados_altar_1, kennysheep_mini_moat
D:7:      temple_pool_b, uniq_joseph
D:8:      uniq_erica
D:9:      dpeg_lair_monsters, serial_shops, shop, basic_altar, grunt_pizzeria
D:10:     serial_glass, glass_columns_a, glass_columns_b
D:11:     hiddenorc1_lemuel
D:13:     lightli_vaults_fourway_checkpoint, serial_shops,
          nicolae_shop_behind_doors, basic_altar, tgw_lugonu_bribe
D:14:     special_room, lemuel_tele_altar
D:15:     gammafunk_enter_depths_forms, minmay_evil_grid
Temple:   eino_temple_scatter_basement
Lair:1:   grunt_megastairs_4
Lair:2:   lemuel_ratsnest, lab_entry_generic, cheibrodos_lair_reptile_den
Lair:3:   minmay_swamp_entry_worms, minmay_snake_entry_guardpost_small,
          infiniplex_staircase_pool
Lair:4:   enter_volcano_2, st_stairs_5, forest_entry_grove, grunt_megastairs_5
Lair:5:   dpeg_slime_entry_corner
Lair:6:   hangedman_lair_tendril_chambers, wormcave
Swamp:1:  serial_swamp_ruin, evilmike_swamp_ruin_house_1,
          evilmike_swamp_ruin_rubble_1
Swamp:2:  evilmike_swamp_ruin_rubble_2, swamp_pool3, uniq_nikola, uniq_donald
Swamp:3:  nicolae_swamp_treefoil
Swamp:4:  swamp_basic_johnstein, swamp_pool3
Snake:2:  basic_altar
Snake:3:  basic_altar, nrook_guardian_serpent_double
Snake:4:  snake_pit, serial_shops, shop, portal_ice_cave_entry_ice_statue_one,
          uniq_vashnia
Slime:3:  nicolae_slime_pool
Orc:2:    st_orc_mages, rock_pile
Elf:1:    minmay_elf_sorcery
Elf:2:    nicolae_elf_v_pinch
Elf:3:    minmay_elf_hall_not_hex, basic_altar, serial_shops,
          nicolae_shop_behind_doors
Vaults:1: grunt_vaults_twisty, nicolae_vaults_network_periphery,
          vaults_mumra_hexcomb, v_alt_pattern_4, ontoclasm_vaults_gateway,
          nicolae_vaults_octagons, nicolae_vaults_what_the_h,
          nicolae_vaults_little_squares_1, hangedman_vaults_variations,
          hangedman_vaults_maws, hangedman_vaults_stretched_pinwheel,
          grunt_vaults_hallway_short, nicolae_vaults_asterisk, v_misc_8,
          hangedman_vaults_impose
Vaults:2: nicolae_vaults_ring_of_whatevers, ontoclasm_vaults_shuriken,
          hangedman_vaults_capsules, vaults_room_semicircle,
          ontoclasm_vaults_ring_small, vaults_room_grunt_arrival_checkpoint,
          nicolae_vaults_three_branches, nicolae_vaults_sealed_display
Vaults:3: grunt_vaults_hallway_long, v_misc_30, ontoclasm_vaults_spin,
          v_rooms_6, nicolae_vaults_mini_display_case, hangedman_vaults_pinch,
          st_lines, v_misc_12, v_misc_15, serial_shops, shop
Vaults:4: nicolae_vaults_twisting_passages, vaults_room_boxed, v_rooms_1,
          nicolae_vaults_disjoint_gnomons, hangedman_vaults_nails,
          hangedman_vaults_unwind, vaults_dpeg_diagonal,
          ontoclasm_vaults_ligature, v_misc_13,
          portal_desolation_entry_nicolae_slug, serial_shops, shop
Vaults:5: serial_shops
Depths:1: serial_bayou_ford_a, grunt_mini_vestibule, pan_entry,
          nicolae_abyss_entry_one_way_or_another, grunt_ministairs_3,
          minmay_hedge_maze, hangedman_decor_diamond_cutter,
          minmay_misc_feat_encased, st_stairs_11,
          serial_sigils_hangedman_scratch, kb_rosetta
Depths:2: grunt_runaround, hell_entry
Depths:3: emtedronai_trogs_sanctum, minmay_staircase_windowed_large, pan_entry,
          abyss_entry, serial_shops, shop, shop_coins, pf_hell_entry_great_geh
Depths:4: vault_1, grunt_pan_entry_in_and_out, okawaru_ov_weapons_minmay,
          serial_aquarium, aquarium_bridge_square, aquarium_window_fake,
          aquarium_window_1, aquarium_view_2e, aquarium_view_2c,
          aquarium_balcony_3b, pf_hell_entry_tar_spiral,
          abyss_entry_flame_altar, serial_shops, shop
Depths:5: evilmike_zot_entry_castle, enter_ziggurat_e, rand_demon_pan_entry_9,
          hell_entry, nicolae_trove_entry_free_sample, minmay_crystal_water,
          grunt_tower_of_power
Zot:1:    kennysheep_blocky_room, grunt_ministairs_11, nicolae_lava_and_water,
          lemuel_lich_library
Zot:4:    hangedman_zot_decor_checkerboard, st_stairs_6
Abyss:1:  evilmike_abyss_exit_10, abyss_furniture_001
Abyss:2:  hangedman_abyss_feature_spike
Abyss:3:  evilmike_abyss_rune_siren_acolytes
Lab:      labyrinth_hidden_loot, nicolae_lab_checkerboard, nicolae_lab_arrow,
          labyrinth_lava_lair, nicolae_lab_starburst, nicolae_lab_blocks,
          nicolae_lab_x, lab_fountain, nicolae_lab_diamond, nicolae_lab_t_cross
IceCv:    ice_cave_tombish
Volcano:  volcano_grotto

Table legend:
 A = Turns spent in this place as a percentage of turns spent in the entire game.
 B = Non-inter-level travel turns spent in this place as a percentage of non-inter-level travel turns spent in the entire game.
 C = Inter-level travel turns spent in this place as a percentage of turns spent in this place.
 D = Turns resting spent in this place as a percentage of non-inter-level travel turns spent in this place.
 E = Turns spent auto-exploring this place as a percentage of non-inter-level travel turns spent in this place.
 F = Non-inter-level travel turns spent in this place divided by the number of levels of this place that you've seen.
                   A       B       C       D       E      F
               +-------+-------+-------+-------+-------+----------------------
         Total | 100.0 | 100.0 |   9.1 |   9.3 |  55.7 | 992.2
       Dungeon |  25.2 |  23.4 |  15.6 |  10.9 |  67.9 | 975.9
        Temple |   0.2 |   0.2 |  10.7 |   0.0 |  94.0 | 150.0
          Lair |  10.5 |  10.2 |  11.1 |   2.1 |  71.9 | 1067.7
         Swamp |   5.4 |   5.7 |   3.9 |  10.4 |  56.2 | 893.2
     Snake Pit |   7.1 |   7.5 |   3.8 |   8.1 |  54.5 | 1174.0
    Slime Pits |   2.2 |   2.3 |   4.2 |  18.2 |  18.3 | 289.8
  Orcish Mines |   2.7 |   2.5 |  14.5 |  29.3 |  41.3 | 789.0
   Elven Halls |   6.1 |   6.4 |   5.6 |  15.8 |  53.2 | 1324.3
        Vaults |  11.7 |  11.8 |   8.3 |   0.6 |  57.7 | 1479.0
        Depths |  13.2 |  13.2 |   9.7 |  13.2 |  47.6 | 1644.2
           Zot |  10.3 |  10.9 |   3.6 |   7.9 |  50.3 | 1359.4
         Abyss |   3.3 |   3.6 |   0.0 |   1.7 |  31.1 | 447.6
     Labyrinth |   0.6 |   0.7 |   0.0 |  27.9 |   0.0 | 420.0
      Ice Cave |   0.7 |   0.8 |   0.0 |  26.8 |  10.8 | 507.0
       Volcano |   0.7 |   0.7 |   0.0 |   7.7 |  42.6 | 467.0
               +-------+-------+-------+-------+-------+----------------------

Table legend:
 A = Kills in this place as a percentage of kills in entire the game.
 B = Kills by you in this place as a percentage of kills by you in the entire game.
 C = Kills by friends in this place as a percentage of kills by friends in the entire game.
 D = Other kills in this place as a percentage of other kills in the entire game.
 E = Experience gained in this place as a percentage of experience gained in the entire game.
 F = Experience gained in this place divided by the number of levels of this place that you have seen.
                   A       B       C       D       E      F
               +-------+-------+-------+-------+-------+----------------------
         Total | 100.0 | 100.0 |   N/A | 100.0 | 100.0 | 30702.3
       Dungeon |  15.4 |  15.6 |   N/A |   3.6 |   3.8 | 4899.7
          Lair |   9.1 |   9.1 |   N/A |   7.1 |   2.9 | 9449.0
         Swamp |   5.9 |   5.9 |   N/A |   7.1 |   3.9 | 18973.2
     Snake Pit |   5.9 |   6.0 |   N/A |   3.6 |   5.0 | 24196.5
    Slime Pits |   4.2 |   4.2 |   N/A |   1.8 |   4.4 | 17087.2
  Orcish Mines |   3.1 |   3.1 |   N/A |   5.4 |   0.7 | 6294.5
   Elven Halls |   5.8 |   5.8 |   N/A |   5.4 |   7.0 | 45023.7
        Vaults |  18.9 |  18.8 |   N/A |  23.2 |  20.4 | 79110.4
        Depths |  12.8 |  12.6 |   N/A |  19.6 |  18.2 | 70223.4
           Zot |   9.4 |   9.3 |   N/A |  14.3 |  26.8 | 103667.6
         Abyss |   7.7 |   7.7 |   N/A |   7.1 |   6.1 | 23448.0
     Labyrinth |   0.3 |   0.3 |   N/A |   0.0 |   0.1 | 2719.0
      Ice Cave |   0.9 |   0.9 |   N/A |   0.0 |   0.4 | 8698.0
       Volcano |   0.7 |   0.7 |   N/A |   1.8 |   0.2 | 4619.0
               +-------+-------+-------+-------+-------+----------------------
